 Seeded DCSS version 0.31-a0-435-g2c6fae2916 (webtiles) character file.

Game seed: 3066185116294757272 (custom seed)

467 Gelion the Changeling (level 7, 0/34 HPs)
             Began as an Octopode Shapeshifter on Aug 2, 2023.
             Was an Initiate of Gozag.
             Succumbed to a kobold brigand's curare-tipped dart
             ... in a sewer.
             The game lasted 00:08:28 (3016 turns).

Gelion the Changeling (Octopode Shapeshifter)       Turns: 3016, Time: 00:08:29

Health: 0/34       AC:  9    Str: 19    XL:     7   Next: 8%
Magic:  7/7        EV: 10    Int: 10    God:    Gozag
Gold:   143        SH:  0    Dex: 15    Spells: 6/6 levels left

rFire   . .          .
                       - Unarmed
rCold   . . .        (shield currently unavailable)
rNeg    . . .        (helmet currently unavailable)
rPois   .            (no amulet)
rElec   .            (no ring)
rCorr   .            (no ring)
SInv    .            (no ring)
Will    .....        (no ring)
Stlth   +            (no ring)
HPRegen 0.25/turn    (no ring)
MPRegen 0.10/turn    (no ring)
                     (no ring)

%: no passive effects
@: lethally poisoned (0 -> -18), snake-form, slowed, very slow
A: constrict, reduced hp, almost no armour, amphibious, 8 rings, large,
(camouflage 1), (gelatinous body 1), (nimble swimmer 1), (tentacles)
a: Begin Untransformation, Renounce Religion, Potion Petition, Call Merchant,
Bribe Branch


You were in a sewer.
You worshipped Gozag.
Gozag was aware of your devotion.
You were an enormous anaconda.
You visited 2 branches of the dungeon, and saw 6 of its levels.
You also visited: Sewer.

You collected 221 gold pieces.
You spent 27 gold pieces at shops.
You paid 51 gold pieces to Gozag.

Inventory:

Jewellery
 r - a ring of protection from fire
Talismans
 l - a serpent talisman (active)
Wands
 o - a wand of polymorph (9)
 p - a wand of charming (9)
Scrolls
 c - a scroll of enchant armour
 d - 2 scrolls of butterflies
 i - a scroll of teleportation
Potions
 a - 2 potions of lignification
 b - a potion of degeneration {unknown}
 e - a potion of brilliance
 f - a potion of heal wounds
 g - 3 potions of enlightenment
 h - 2 potions of haste
 m - a potion of attraction
 s - a potion of curing {unknown}


   Skills:
 + Level 3.5 Fighting
 - Level 2.0 Dodging
 + Level 4.6 Unarmed Combat
 * Level 5.1 Shapeshifting


You had 6 spell levels left.
You didn't know any spells.
Your spell library was empty.

Dungeon Overview and Level Annotations

Branches:
Dungeon (5/15)             Temple (1/1) D:5           Sewer (1/1)

Altars:
Ashenzari
Cheibriados
Dithmenos
Elyvilon
Fedhas
Gozag
Hepliaklqana
Kikubaaqudgha
Makhleb
Nemelex Xobeh
Okawaru
Ru
Sif Muna
Trog
Vehumet
Xom
Zin

Shops:
D:2 [   D:3 *


Innate Abilities, Weirdness & Mutations

You are an enormous anaconda.
You have a powerful constriction melee attack.
Your maximum health is decreased, since you lack skill for your form.
Your armour is entirely melded.
You are incapable of wielding weapons or throwing items.
You cannot wear most types of armour.
You are amphibious.
You can wear up to eight rings at the same time.
((Your skin changes colour to match your surroundings (Stealth+).))
((Your rubbery body absorbs attacks. (AC +1, EV +1)))
((You are camouflaged when in or above water. (Stealth+)))
((You have tentacles for arms and can constrict up to eight enemies at once.))


Message History

A kobold brigand comes into view.
It is wielding a +0 club and quivering curare-tipped darts.
Found a scroll labelled LESTAN QIWAO.
The kobold brigand shouts!
The kobold brigand throws a curare-tipped dart.
The curare-tipped dart hits you.
You are poisoned.
You have difficulty breathing.
You feel yourself slow down.
You feel very sick.
The kobold brigand throws a curare-tipped dart.
The curare-tipped dart completely misses you.
You feel very sick.
You feel very sick.
The kobold brigand throws a curare-tipped dart.
The curare-tipped dart hits you.
You are more poisoned.
You have difficulty breathing.
* * * LOW HITPOINT WARNING * * *
You feel as though you will be slow longer.
The kobold brigand throws a curare-tipped dart.
The curare-tipped dart barely misses you.
You feel much better.
You feel very sick.
You feel very sick.
You feel sick.
You feel sick.
An endoplasm and an adder come into view.
You feel sick.
The endoplasm quivers.
You feel sick.
You are no longer poisoned.
The kobold brigand throws a curare-tipped dart.
The curare-tipped dart hits you.
You are lethally poisoned!
You have difficulty breathing.
* * * LOW HITPOINT WARNING * * *
You feel as though you will be slow longer.
As you read the scroll of butterflies, it crumbles to dust.
You hear the flapping of tiny wings.
You die...
Your body crumbles into a pile of gold.

#~~~~~.~... #~~~..~..∩.
####### ##~~..~.....
#.~~~K##### ##~.~~~.~..~~
#~~~Kb####b.~.##~...~.
#?~~~.###bbbbbb~~####~~.~.
####### #bbb~bb~~# ##~.~~~
.~Jb~###bbbbb..####.~.~~~
#b~bbS########~....~..
S~~~~##### #~~...#### ###
#~~~.## #~~.## #.~~# #...#
##~~~## #~~.~.# #~###~#


You could see a kobold brigand (ally target) and an endoplasm (ally target).

Vanquished Creatures
  An ogre (D:4)
  2 kobold brigands (Sewer)
  2 iguanas
  8 adders
  3 worms
  A dart slug (D:4)
  7 orcs
  9 bats
  9 endoplasms
  6 giant cockroaches
  12 goblins
  10 hobgoblins
  8 kobolds
  2 quokkas (D:1)
  12 ball pythons
  4 frilled lizards
  5 rats
101 creatures vanquished.

Notes
Turn   | Place    | Note
-------+----------+-------------------------------------------
     0 | D:1      | Gelion the Octopode Shapeshifter began the quest for the
                  | Orb.
     0 | D:1      | Reached XP level 1. HP: 13/13 MP: 1/1
    56 | D:1      | Reached XP level 2. HP: 11/18 MP: 2/2
   338 | D:1      | Reached XP level 3. HP: 23/23 MP: 3/3
   751 | D:2      | Reached XP level 4. HP: 24/29 MP: 4/4
  1005 | D:2      | Found Qabuz's Armour Emporium.
  1005 | D:2      | Noticed an animated crystal plate armour
  1006 | D:2      | Noticed an animated pearl dragon scales
  1138 | D:2      | Found a faded altar of an unknown god.
  1633 | D:3      | Reached skill level 4 in Shapeshifting
  1721 | D:3      | Reached XP level 5. HP: 35/35 MP: 5/5
  1758 | D:3      | Found Qovocuus's Assorted Antiques.
  1763 | D:3      | Bought a scroll labelled YNYANGUNGA for 27 gold pieces
  2148 | D:4      | Found a radiant altar of Vehumet.
  2155 | D:4      | Noticed an ogre
  2164 | D:4      | Killed an ogre
  2165 | D:4      | Reached XP level 6. HP: 12/41 MP: 6/6
  2610 | D:5      | Entered Level 5 of the Dungeon
  2694 | D:5      | Found a staircase to the Ecumenical Temple.
  2703 | Temple   | Entered the Ecumenical Temple
  2732 | Temple   | Became a worshipper of Gozag Ym Sagoz the Greedy
  2811 | D:5      | Found a glowing drain.
  2825 | Sewer    | Entered a sewer
  2882 | Sewer    | Reached skill level 5 in Shapeshifting
  2922 | Sewer    | Reached XP level 7. HP: 29/46 MP: 7/7
  3016 | Sewer    | Succumbed to a kobold brigand's curare-tipped dart

Illustrated notes

Levels and vault maps discovered:
D:1:      scummos_arrival_simple_crosswalls, layout_rooms,
          hangedman_decor_growths, hangedman_glass_teeth
D:2:      minmay_alternating_diamond, layout_basic, serial_shops,
          nicolae_shop_mannequins, hellmonk_ecumenical_altar_inner_sanctum
D:3:      layout_basic, serial_shops, nicolae_shop_just_a_little_nook,
          minivault_14
D:4:      layout_rooms, mainiacjoe_overflow_paths
D:5:      layout_basic, nicolae_wu_jian_wuxing_cycle,
          nicolae_qazlal_style_of_elements, minmay_temple_entry_waves,
          cheibrodos_sewer_entry_bend
Temple:   nicolae_temple_elliptical
Sewer:    sewer_co_tree

Skill      XL: |  1  2  3  4  5  6 |
---------------+-------------------+-----
Fighting       | 2 3 |  3.5
Shapeshifting  | 4 5 |  5.1
Unarmed Combat | 4 |  4.6
Dodging        | |  2.0

Action                     |  1- 3 |  4- 6 |  7- 9 || total
---------------------------+-------+-------+-------++-------
  Melee: Unarmed           |    59 |   117 |     6 ||   182
         Constrict         |    15 |    29 |     2 ||    46
         Punch             |     1 |     3 |       ||     4
         Tentacles         |     5 |     8 |       ||    13
  Evoke: Wand              |       |     1 |       ||     1
    Use: Scroll            |       |    11 |     1 ||    12
         Potion            |       |       |     1 ||     1
   Stab: Sleeping          |    10 |    12 |       ||    22
 Armour: Skin              |     3 |    26 |       ||    29
  Dodge: Dodged            |    32 |    50 |     2 ||    84
   Form: Anaconda          |       |     1 |       ||     1

Table legend: (Time is in decaauts)
 A = Elapsed time spent in this place.
 B = Non-inter-level travel time spent in this place.
 C = Inter-level travel time spent in this place.
 D = Time resting spent in this place.
 E = Time spent auto-exploring this place.
 F = Levels seen in this place.
 G = Mean time per level.
                   A        B        C        D        E       F      G
               +--------+--------+--------+--------+--------+-----+--------+
         Total |   3006 |   2713 |    293 |    162 |   1942 |   7 |  429.4 |
       Dungeon |   2752 |   2516 |    236 |    162 |   1817 |   5 |  550.4 |
        Temple |     60 |      3 |     57 |      0 |      0 |   1 |   60.0 |
         Sewer |    193 |    193 |      0 |      0 |    125 |   1 |  193.0 |
               +--------+--------+--------+--------+--------+-----+--------+

Top non-repeatable levels by time:
     D:2: 701 daAuts
     D:3: 700 daAuts
     D:4: 622 daAuts
     D:1: 575 daAuts
   Sewer: 193 daAuts
     D:5: 153 daAuts
  Temple: 60 daAuts
